 Dungeon Crawl Stone Soup version 0.31-a0-1025-g2e47921a08 (webtiles) character file.

Game seed: 9417978398108938595

111 Monkfish the Cutter (level 5, -2/33 HPs)
             Began as a Kobold Monk on Nov 18, 2023.
             Killed by divine providence
             ... invoked by an orc priest
              (9 damage)
             ... on level 3 of the Dungeon.
             The game lasted 00:03:11 (2285 turns).

Monkfish the Cutter (Kobold Monk)                   Turns: 2285, Time: 00:03:12

Health: -2/33      AC:  3    Str:  8    XL:     5   Next: 15%
Magic:  5/5        EV: 16    Int: 11    God:
Gold:   128        SH:  0    Dex: 20    Spells: 4/4 levels left

rFire   . . .        a - +0 short sword
rCold   . . .        (no shield)
rNeg    . . .        b - +1 robe
rPois   .            (no helmet)
rElec   .            (no cloak)
rCorr   .            (no gloves)
SInv    .            (no boots)
Will    .....        (no amulet)
Stlth   ++++         (no ring)
HPRegen 0.25/turn    (no ring)
MPRegen 0.09/turn

%: no passive effects
@: no status effects
A: small, no large weapons, nightstalker 3
a: no special abilities


You were on level 3 of the Dungeon.
You visited 1 branch of the dungeon, and saw 3 of its levels.

You collected 128 gold pieces.

Inventory:

Hand Weapons
 a - a +0 short sword (weapon)
Armour
 b - a +1 robe (worn)
 d - an orb of light
Jewellery
 g - an amulet of guardian spirit
 i - an amulet of the acrobat
Wands
 h - a wand of flame (26)
Scrolls
 f - 4 scrolls of identify
 k - a scroll of revelation {unknown}
Potions
 c - a potion of ambrosia
 e - 2 potions of lignification
 j - a potion of haste {unknown}


   Skills:
 + Level 3.6 Fighting
 * Level 5.5 Short Blades
 + Level 4.0 Dodging
 * Level 3.5 Stealth


You had 4 spell levels left.
You didn't know any spells.
Your spell library contained the following spells:

 Spells                   Type           Power      Damage    Failure   Level
 Lesser Beckoning         Tloc           0%         N/A       47%         2
 Gell's Gravitas          Tloc           0%         N/A       71%         3
 Teleport Other           Tloc           0%         N/A       71%         3


Dungeon Overview and Level Annotations

Branches:
Dungeon (3/15)

Altars:
Gozag
Kikubaaqudgha

Shops:
D:2 *(


Innate Abilities, Weirdness & Mutations

You are small and have problems with some larger weapons.
You are completely attuned to the shadows.


Message History

The orc priest is heavily wounded.
The orc priest hits you with a +0 mace.
You hear some strange, mumbled words.
You are confused.
You are too confused!
The orc priest attacks as it pursues you!
The orc priest closely misses you.
You hear some strange, mumbled words.
Something tries to affect you, but you resist.
Unknown command.
You hit something but do no damage.
The orc priest grunts noisily, as Orcs often do.
The orc priest barely misses you.
You bump into the rock wall.
The orc priest hits you with a +0 mace. Something closely misses you.
Something hits you.
You bump into the rock wall.
Something hits you but does no damage. The orc misses you.
The orc priest hits you with a +0 mace!
You are too confused!
You bump into the rock wall.
Something hits you.
* * * LOW HITPOINT WARNING * * *
The orc completely misses you.
The orc wizard gestures at you while chanting.
The magic dart hits something.
The orc priest closely misses you.
Unknown command.
The orc wizard casts a spell.
The orc wizard flickers and vanishes!
You bump into the rock wall.
You feel less confused. The orc priest completely misses you.
Something barely misses you.
The orc priest looks encouraged for a moment.
The orc hits you with a +0 club.
* * * LOW HITPOINT WARNING * * *
The orc priest begins to cast a cantrip, but forgets the words!
You hear some strange, mumbled words.
Something tries to affect you, but you resist.
Found a scroll labelled XASUZE PUJUH.
The orc priest invokes the aid of Beogh against you.
Beogh smites you!
You die...

#.....# ...#...#..
#.....# .#...#...#
#.....# . ..#...#..
#.....###....) .#...#.).#
#.............#$..#.†.#..
......###..?...#...#...#
........#.# #....#...#..
..........###..##..#..##
.......@o.#........
###......o.#.#####
#........o.# #.......####
##.....## ##...## ####


You could see an orc priest and an orc.

Vanquished Creatures
  A gnoll (D:1)
  5 adders
  3 worms
  An orc (D:3)
  3 bats
  4 endoplasms
  4 giant cockroaches
  7 goblins
  5 kobolds
  2 quokkas (D:2)
  6 ball pythons
  2 frilled lizards (D:1)
  4 rats
47 creatures vanquished.

Notes
Turn   | Place    | Note
-------+----------+-------------------------------------------
     0 | D:1      | Monkfish the Kobold Monk began the quest for the Orb.
     0 | D:1      | Reached XP level 1. HP: 14/14 MP: 1/1
   161 | D:1      | Reached XP level 2. HP: 17/19 MP: 2/2
   370 | D:1      | Reached skill level 1 in Stealth
   370 | D:1      | Reached XP level 3. HP: 14/23 MP: 3/3
   993 | D:2      | Found Cokkule's Antique Weapon Emporium.
  1146 | D:2      | Reached skill level 5 in Short Blades
  1146 | D:2      | Reached XP level 4. HP: 7/28 MP: 4/4
  1261 | D:2      | Found Saidwud's Assorted Antiques.
  1982 | D:3      | Found an opulent altar of Gozag.
  2029 | D:3      | Found an ancient bone altar of Kikubaaqudgha.
  2037 | D:3      | Reached XP level 5. HP: 33/33 MP: 5/5
  2285 | D:3      | Killed from afar by an orc priest

Illustrated notes

Levels and vault maps discovered:
D:1:      sevenhm_arrival_forest_fort_small_6, layout_loops_ring,
          minmay_misc_feat_tower
D:2:      minmay_evil_eye, layout_loops_ring, serial_shops,
          nicolae_shop_overgrown_old_shop, shop, corexii_item_surrounded_by_moat
D:3:      layout_loops_cross, mainiacjoe_overflow_large_starburst, hex_medium,
          minmay_misc_feat_diagonals

Skill      XL: |  1  2  3  4 |
---------------+-------------+-----
Dodging        | 4 |  4.0
Stealth        | 1 2 3 |  3.5
Short Blades   | 5 |  5.5
Fighting       | |  3.6

Action                     |  1- 3 |  4- 6 || total
---------------------------+-------+-------++-------
  Melee: Short sword       |    89 |    53 ||   142
         Punch             |     2 |       ||     2
    Use: Scroll            |     2 |     1 ||     3
   Stab: Sleeping          |     9 |    12 ||    21
 Armour: Robe              |    22 |    18 ||    40
  Dodge: Dodged            |    53 |    36 ||    89

Table legend: (Time is in decaauts)
 A = Elapsed time spent in this place.
 B = Non-inter-level travel time spent in this place.
 C = Inter-level travel time spent in this place.
 D = Time resting spent in this place.
 E = Time spent auto-exploring this place.
 F = Levels seen in this place.
 G = Mean time per level.
                   A        B        C        D        E       F      G
               +--------+--------+--------+--------+--------+-----+--------+
         Total |   2254 |   2089 |    165 |    115 |   1557 |   3 |  751.3 |
       Dungeon |   2254 |   2089 |    165 |    115 |   1557 |   3 |  751.3 |
               +--------+--------+--------+--------+--------+-----+--------+

Top non-repeatable levels by time:
     D:2: 960 daAuts
     D:1: 911 daAuts
     D:3: 381 daAuts
